 Dungeon Crawl Stone Soup version 0.30.1 (webtiles) character file.

Game seed: 15222639560530235449

25 Babbit the Ruffian (level 2, 23/23 HPs)
             Began as a Draconian Transmuter on July 11, 2023.
             Quit the game on level 1 of the Dungeon.
             The game lasted 00:05:27 (250 turns).

Babbit the Ruffian (Draconian Transmuter)            Turns: 250, Time: 00:05:27

Health: 23/23      AC:  4    Str: 12    XL:     2   Next: 82%
Magic:  5/5        EV: 12    Int: 13    God:
Gold:   24         SH:  0    Dex: 11    Spells: 2/5 levels left

rFire   . .          .
                       - Unarmed
rCold   . . .        (no shield)
rNeg    . . .        (body armour unavailable)
rPois   .            (helmet restricted)
rElec   .            (no cloak)
rCorr   .            (no gloves)
SInv    .            (no boots)
Will    .....        (no amulet)
Stlth   +            (no ring)
HPRegen 0.23/turn    (no ring)
MPRegen 0.09/turn

%: no passive effects
@: no status effects
A: AC +4, unfitting armour, cold-blooded
a: no special abilities


You were on level 1 of the Dungeon.
You visited 1 branch of the dungeon, and saw 1 of its levels.

You collected 24 gold pieces.

Inventory:

Missiles
 f - 6 boomerangs
Scrolls
 c - a scroll of poison {unknown}
 g - a scroll of enchant armour {unknown}
Potions
 a - a potion of lignification
 b - a potion of might {unknown}
 d - a potion of brilliance {unknown}
 e - 2 potions of heal wounds {unknown}


   Skills:
 + Level 1.1 Fighting
 + Level 2.0 Dodging
 + Level 3.7 Unarmed Combat
 + Level 2.2 Spellcasting
 + Level 2.1 Transmutations


You had 2 spell levels left.
You knew the following spells:

 Your Spells              Type           Power      Damage    Failure   Level
a - Beastly Appendage     Tmut           12%        N/A       11%         1
b - Wereblood             Tmut           6%         N/A       16%         2

Your spell library contained the following spells:

 Spells                   Type           Power      Damage    Failure   Level
 Magic Dart               Conj           4%         1d3       26%         1
 Call Imp                 Summ           2%         N/A       36%         2
 Spider Form              Tmut/Pois      4%         N/A       43%         3
 Mephitic Cloud           Conj/Pois/Air  1%         N/A       58%         3
 Ice Form                 Ice/Tmut       4%         N/A       85%         4


Dungeon Overview and Level Annotations

Branches:
Dungeon (1/15)

Altars:


Innate Abilities, Weirdness & Mutations

Your plain brown scales are hard. (AC +4)
You cannot fit into any form of body armour.
You are cold-blooded and may be slowed by cold attacks.


Message History

The kobold throws a stone.
The stone barely misses you.
You see here a jackal corpse.
You hit the kobold.
You kill the kobold!
Your primal bloodlust is almost over.
You now have 10 gold pieces.
You see here a jackal corpse.
You see here a jackal corpse.
Things that are here:
a +0 dagger; 4 stones; a kobold corpse You howl as the wereblood boils in your veins!
Your primal bloodlust has ended.
There is an open door here.
A hobgoblin comes into view.
The hobgoblin shouts!
The hobgoblin closely misses you.
You hit the hobgoblin.
The hobgoblin is almost dead.
You hit the hobgoblin but do no damage. You tail-slap the hobgoblin.
You kill the hobgoblin!
You see here a hobgoblin corpse.
Found a stone staircase leading down.
Found 14 gold pieces.
You now have 24 gold pieces (gained 14).
Found 2 atropa-tipped darts.
You see here 2 atropa-tipped darts.
Found a fuming puce potion.
Found 2 coppery potions and 6 boomerangs.
d - a fuming puce potion
Found a scroll labelled JIVETR AMEIPT.
e - 2 coppery potions An endoplasm comes into view.
You hit the endoplasm. You tail-slap the endoplasm.
You kill the endoplasm!
You see here 6 boomerangs.
You see here 6 boomerangs.
f - 6 boomerangs
g - a scroll labelled JIVETR AMEIPT Unknown command.
Are you sure you want to abandon this character and quit the game? (Confirm with "yes".)

#.....######....
#.....# #....
#.....# #..(.
####.....######....
#.............#....
+.............#....
#.............#....
#.............#....
#.@...........#....
#.............#....
######.####+###....
#.# #.# #.#


There were no monsters in sight!

Vanquished Creatures
  2 dart slugs (D:1)
  An endoplasm (D:1)
  A giant cockroach (D:1)
  A goblin (D:1)
  4 hobgoblins (D:1)
  2 jackals (D:1)
  3 kobolds (D:1)
  A quokka (D:1)
  A bat (D:1)
  2 frilled lizards (D:1)
  A rat (D:1)
19 creatures vanquished.

Notes
Turn   | Place    | Note
-------+----------+-------------------------------------------
     0 | D:1      | Babbit the Draconian Transmuter began the quest for the
                  | Orb.
     0 | D:1      | Reached XP level 1. HP: 16/16 MP: 3/3
    52 | D:1      | Reached XP level 2. HP: 20/23 MP: 5/5
   142 | D:1      | Learned a level 2 spell: Wereblood
   250 | D:1      | Quit the game

Illustrated notes

Levels and vault maps discovered:
D:1:      elethiomel_arrival_maze, layout_basic, serial_bayou_pond_d

Skill      XL: |  1  2 |
---------------+-------+-----
Dodging        | 2 |  2.0
Fighting       | |  1.1
Unarmed Combat | |  3.7
Spellcasting   | |  2.2
Transmutations | |  2.1

Action                     || total
---------------------------++-------
  Melee: Unarmed           ||    48
         Tailslap          ||     6
         Headbutt          ||     1
   Cast: Beastly Appendage ||     1
         Wereblood         ||     1
 Armour: Skin              ||    13
  Dodge: Dodged            ||    38
